 Dungeon Crawl Stone Soup version 0.17-a0-802-g1f09329 (webtiles) character file.

2385 RobertPalmer the Quickloader (level 9, 0/48 HPs)
             Began as a Kobold Hunter on Apr 27, 2015.
             Was an Elder of Okawaru.
             Slain by an orc
             ... wielding a +0 halberd
              (8 damage)
             ... in a bailey.
             The game lasted 00:15:53 (8978 turns).

RobertPalmer the Quickloader (Kobold Hunter)        Turns: 8978, Time: 00:15:54

Health: 0/48       AC:  7    Str: 11    XL:     9   Next: 74%
Magic:  9/9        EV: 19    Int: 12    God:    Okawaru [****..]
Gold:   352        SH:  0    Dex: 16    Spells: 0 memorised, 8 levels left

rFire  . . .     SeeInvis .     b - +1 hand crossbow
rCold  . . .     Clarity  .     d - +0 leather armour
rNeg   + . .     SustAb   .     (shield restricted)
rPois  .         Gourm    .     (no helmet)
rElec  .         Spirit   .     (no cloak)
rCorr  .         Warding  .     p - +0 pair of gloves
rMut   .         Stasis   .     l - +2 pair of boots
MR     .....                    x - amulet of faith {Faith, !P}
Stlth  ++........               (no ring)
                                E - ring of positive energy {rN+}

@: not resistant to hostile enchantments, unstealthy
A: carnivore 3
a: Heroism, Renounce Religion


You were in a bailey.
You worshipped Okawaru.
Okawaru was greatly pleased with you.
You were not hungry.

You visited 2 branches of the dungeon, and saw 8 of its levels.
You also visited: Bailey.

You collected 352 gold pieces.

Inventory:

Hand weapons
 a - a +1 whip of electrocution
   (You took it off Pikel on level 6 of the Dungeon)
 b - a +1 hand crossbow (weapon)
Missiles
 c - 63 bolts (quivered)
Armour
 d - a +0 leather armour (worn)
 l - a +2 pair of boots (worn)
   (You found it on level 5 of the Dungeon)
 p - a +0 pair of gloves (worn)
   (You found it on level 2 of the Dungeon)
Jewellery
 x - an amulet of faith (around neck) {Faith, !P}
   (You found it on level 4 of the Dungeon)
 E - a ring of positive energy (left hand) {rN+}
   (You found it on level 5 of the Dungeon)
Magical devices
 s - a wand of random effects (17)
   (You took it off Edmund on level 6 of the Dungeon)
 w - a wand of digging (12)
   (You took it off Blork the orc on level 6 of the Dungeon)
Scrolls
 f - 9 scrolls of identify
 h - 4 scrolls of teleportation
 n - 2 scrolls of remove curse
 y - a scroll of recharging
Potions
 i - a potion of brilliance {unknown}
 j - 2 potions of agility {unknown}
 k - 2 potions of heal wounds {unknown}
 m - 4 potions of poison {unknown}
 o - a potion of haste {unknown}
 r - a potion of cancellation {unknown}
 t - a potion of degeneration {unknown}
 v - 2 potions of flight {unknown}
 C - a potion of resistance {unknown}
 D - a potion of magic {unknown}
 F - a potion of curing {unknown}
Comestibles
 e - a meat ration {@e2}
 g - 5 beef jerkies
 G - a slice of pizza


   Skills:
 - Level 2.1 Fighting
   Level 7.5 Short Blades
 + Level 3.7 Maces & Flails
 - Level 10.7 Crossbows
 - Level 7.7 Dodging
 - Level 1.3 Stealth


You had 8 spell levels left.
You didn't know any spells.

Dungeon Overview and Level Annotations

Branches:
Dungeon (7/15)             Temple (1/1) D:5

Altars:
Okawaru
Ru
Vehumet
Zin

Annotations:
D:7 exclusion: Dowan, Dowan, Duvessa


Innate Abilities, Weirdness & Mutations

You are small and have problems with some larger weapons.
You are carnivorous and can eat meat at any time.


Message History

a dagger; a robe Health restored: 48 An orc comes into view.
It is wielding a hand axe.
You closely miss the orc. The orc hits you with a hand axe.
You take 3 damage, and have 45/48 hp.
You closely miss the orc. The orc misses you.
You closely miss the orc. You hit the orc. The orc hits you but does no damage.
You hit the orc. The orc misses you.
You hit the orc. The orc hits you but does no damage.
You hit the orc.
You kill the orc!
Okawaru accepts your kill.
Things that are here:
a hand axe; an orc corpse Duvessa and Dowan come into view.
Health restored: 48 You hear the steady creaking of a very distant portcullis.
Things that are here:
a hand axe; an orc corpse
There is a stone staircase leading down here.
Found two halberds and a jewelled spear.
Found a flagged portal.
There is a flagged portal here.
The world spins around you as you enter the gateway.
You enter a bailey!
Found two gates leading back out of this place.
There is an empty arch of ancient stone here.
Unknown command.
Read which item? (? for menu, Esc to quit)
Okay, then.
Your +1 whip of electrocution stops crackling.
b - a +1 hand crossbow (weapon)
2 orcs and an orc warrior come into view.
The orc warrior shouts! 4 orcs and an orc warrior come into view. 3 orcs come into view.
The orc shouts! x2
The orc warrior shouts!
The orc moves out of view.
An orc comes into view. It is wielding a trident.
The orc shouts! x3
Read which item? (? for menu, Esc to quit)
Really read
q - a scroll of immolation {!r}?
As you read the scroll of immolation {!r}, it crumbles to dust.
The creatures around you are filled with an inner flame!
Aim: an orc, wielding a halberd (inner flame)
You shoot a bolt. The orc shouts!
The bolt hits the orc.
The orc completely misses you.
Aim: an orc, wielding a halberd (heavily wounded, inner flame)
You shoot a bolt. The bolt closely misses the orc.
The bolt barely misses the orc warrior.
The bolt hits the orc warrior!
The orc misses you. x2
Aim: an orc, wielding a halberd (heavily wounded, inner flame)
You shoot a bolt. The bolt hits the orc warrior.
The orc hits you but does no damage.
The orc hits you from afar with a halberd! x2
The orc closely misses you.
You take 20 damage, and have 28/48 hp.
MASSIVE DAMAGE!!
Aim: an orc, wielding a halberd (heavily wounded, inner flame)
You shoot a bolt. The bolt misses the orc warrior.
The bolt barely misses the orc.
The bolt completely misses the orc.
The orc hits you from afar with a spear.
The orc hits you from afar with a trident!
The orc misses you. The orc barely misses you.
You take 9 damage, and have 19/48 hp.
Okay, then.
The orc hits you but does no damage. The orc misses you.
The orc warrior resists with some effort.
Evoking this partially-identified wand wasted a few charges.
The orc closely misses you. The orc hits you but does no damage.
The orc warrior barely misses you.
The orc warrior hits you from afar with a trident.
The orc misses you. The orc closely misses you.
You take 3 damage, and have 16/48 hp.
Unknown command.
Aim: an orc, wielding a halberd (inner flame)
The orc warrior evaporates and reforms as a fire bat!
Evoking this partially-identified wand wasted a few charges.
The fire bat closely misses you. The orc completely misses you.
The orc closely misses you. The orc hits you but does no damage.
The orc warrior misses you.
Aim: an orc, wielding a halberd (moderately wounded, inner flame)
The orc warrior looks slightly unstable.
Evoking this partially-identified wand wasted a few charges.
The fire bat completely misses you. The orc completely misses you.
The orc hits you from afar with a spear.
* * * LOW HITPOINT WARNING * * *
The orc barely misses you. The orc closely misses you.
You take 3 damage, and have 13/48 hp.
Unknown command.
The puff of flame hits the orc warrior.
Evoking this partially-identified wand wasted a few charges.
The orc warrior hits you from afar with a trident.
* * * LOW HITPOINT WARNING * * *
The fire bat bites you but does no damage.
The orc hits you from afar with a halberd!
You die...

############
##.∩..o.....#
#....oo......
#.....oo.....#
#∩..@)ooo(...(
#...b.oo.....#
#.....o......
##.∩........#
############


You could see an orc warrior (inner flame), a fire bat and 10 orcs.

Vanquished Creatures
  Pikel (D:6)
  Grinder (D:5)
  A hippogriff (D:7)
  Edmund (D:6)
  A phantom (D:6)
  An ice beast (D:6)
  A sky beast (D:6)
  A black bear (D:6)
  2 slaves (D:6)
  An ogre (D:4)
  A centaur (D:7)
  A giant frog (D:7)
  Blork the orc (D:6)
  4 wights (D:6)
  2 crimson imps
  A centaur skeleton (D:6)
  An orc priest (D:3)
  Ijyb (D:2)
  An iguana (D:5)
  3 orc wizards
  4 worker ants
  A killer bee zombie (D:6)
  13 adders
  A gnoll (D:1)
  A shadow imp (D:6)
  An ooze (D:2)
  An adder skeleton (D:4)
  6 worms
  4 giant geckos
  9 orcs
  15 bats
  A bat zombie (D:6)
  6 giant cockroaches
  11 goblins
  15 hobgoblins
  13 jackals
  2 quokkas
  2 ball pythons
  A giant gecko skeleton (D:4)
  6 giant newts
  A jackal skeleton (D:4)
  8 kobolds
  12 rats
161 creatures vanquished.

Notes
Turn   | Place    | Note
--------------------------------------------------------------
     0 | D:1      | RobertPalmer, the Kobold Hunter, began the quest for the Orb.
     0 | D:1      | Reached XP level 1. HP: 12/12 MP: 1/1
    15 | D:1      | Reached skill level 1 in Short Blades
   134 | D:1      | Reached skill level 2 in Short Blades
   134 | D:1      | Reached XP level 2. HP: 17/17 MP: 2/2
   484 | D:1      | Reached skill level 3 in Short Blades
   548 | D:1      | Reached XP level 3. HP: 6/21 MP: 3/3
  1392 | D:2      | Reached skill level 4 in Short Blades
  1449 | D:2      | Reached XP level 4. HP: 12/26 MP: 4/4
  1467 | D:2      | HP: 6/26 [poisoned by an adder]
  2526 | D:2      | Reached skill level 5 in Short Blades
  2927 | D:2      | Reached XP level 5. HP: 30/30 MP: 5/5
  3187 | D:2      | Reached skill level 6 in Short Blades
  3493 | D:2      | Noticed Ijyb
  3586 | D:2      | Killed Ijyb
  3964 | D:3      | Reached XP level 6. HP: 25/35 MP: 6/6
  3982 | D:3      | Reached skill level 7 in Short Blades
  4406 | D:4      | HP: 7/35 [ogre/giant club (13)]
  4415 | D:4      | Reached skill level 3 in Dodging
  4791 | D:4      | Reached skill level 4 in Dodging
  4851 | D:4      | Reached XP level 7. HP: 40/40 MP: 7/7
  5804 | D:5      | Entered Level 5 of the Dungeon
  5986 | D:5      | Reached skill level 5 in Dodging
  6089 | D:5      | Noticed Grinder
  6509 | D:5      | Found a staircase to the Ecumenical Temple.
  6982 | D:5      | Paralysed by Grinder for 4 turns
  6996 | D:5      | Killed Grinder
  6996 | D:5      | Reached skill level 7 in Dodging
  7022 | Temple   | Entered the Ecumenical Temple
  7034 | Temple   | Became a worshipper of Warmaster Okawaru
  7072 | D:6      | Noticed Pikel
  7306 | D:6      | Reached XP level 8. HP: 34/44 MP: 8/8
  7377 | D:6      | Reached skill level 5 in Crossbows
  7437 | D:6      | Reached skill level 6 in Crossbows
  7591 | D:6      | Acquired Okawaru's first power
  7687 | D:6      | Noticed Edmund
  7725 | D:6      | Killed Edmund
  7725 | D:6      | Reached skill level 7 in Crossbows
  8010 | D:6      | Reached skill level 8 in Crossbows
  8059 | D:6      | Noticed Blork the orc
  8077 | D:6      | Killed Blork the orc
  8077 | D:6      | Reached XP level 9. HP: 46/48 MP: 9/9
  8212 | D:6      | Reached skill level 9 in Crossbows
  8337 | D:6      | Killed Pikel
  8337 | D:6      | Reached skill level 10 in Crossbows
  8685 | D:7      | Reached skill level 1 in Maces & Flails
  8696 | D:7      | Reached skill level 2 in Maces & Flails
  8740 | D:7      | Reached skill level 3 in Maces & Flails
  8913 | D:7      | Noticed Duvessa
  8913 | D:7      | Noticed Dowan
  8955 | D:7      | Found a flagged portal.
  8963 | Bailey   | Entered a bailey
  8978 | Bailey   | HP: 8/48 [orc warrior/trident (6)]
  8978 | Bailey   | Slain by an orc

Action                   |  1- 3 |  4- 6 |  7- 9 || total
-------------------------+-------+-------+-------++-------
Melee: Short sword       |   109 |   129 |       ||   238
       Dagger            |       |    94 |   227 ||   321
       Whip              |       |       |    96 ||    96
 Fire: Hand crossbow     |     2 |    27 |    92 ||   121
Evoke: Wand              |       |       |     4 ||     4
  Use: Scroll            |       |     1 |    13 ||    14
       Potion            |       |       |     1 ||     1
 Stab: Sleeping          |     2 |     4 |     3 ||     9
       Invisible         |       |       |     9 ||     9
  Eat: Chunk             |     5 |     2 |     9 ||    16
       Meat ration       |     1 |       |     2 ||     3

Vault maps used:
D:1:      ncdulo_lavacross, supply_closet_lemuel
D:2:      hex_medium, uniq_iyjb
D:3:      first_bread
D:4:      serial_park_tiny_pond
D:5:      minmay_temple_entry_mist, uniq_grinder
D:6:      uniq_pikel, uniq_blork_the_orc, uniq_edmund
D:7:      gammafunk_temple_overflow_statue, enter_bailey_2, grunt_livestock,
          minivault_27, minmay_lizard_king, uniq_duvessa
Temple:   nicolae_temple_elliptical
Bailey:   bailey_polearm_5, bailey

Table legend:
 A = Turns spent in this place as a percentage of turns spent in the entire game.
 B = Non-inter-level travel turns spent in this place as a percentage of non-inter-level travel turns spent in the entire game.
 C = Inter-level travel turns spent in this place as a percentage of turns spent in this place.
 D = Turns resting spent in this place as a percentage of non-inter-level travel turns spent in this place.
 E = Turns spent auto-exploring this place as a percentage of non-inter-level travel turns spent in this place.
 F = Non-inter-level travel turns spent in this place divided by the number of levels of this place that you've seen.
                   A       B       C       D       E      F
               +-------+-------+-------+-------+-------+----------------------
         Total | 100.0 | 100.0 |   0.6 |   2.0 |   6.9 | 298.8
       Dungeon |  98.7 |  98.8 |   0.6 |   2.0 |   7.0 | 379.4
        Temple |   0.5 |   0.5 |   7.1 |   0.0 |   0.0 |  13.0
        Bailey |   0.7 |   0.7 |   0.0 |   0.0 |   0.0 |  20.0
               +-------+-------+-------+-------+-------+----------------------

Table legend:
 A = Kills in this place as a percentage of kills in entire the game.
 B = Kills by you in this place as a percentage of kills by you in the entire game.
 C = Kills by friends in this place as a percentage of kills by friends in the entire game.
 D = Other kills in this place as a percentage of other kills in the entire game.
 E = Experience gained in this place as a percentage of experience gained in the entire game.
 F = Experience gained in this place divided by the number of levels of this place that you have seen.
                   A       B       C       D       E      F
               +-------+-------+-------+-------+-------+----------------------
         Total | 100.0 | 100.0 |  -nan |  -nan | 100.0 | 378.7
       Dungeon | 100.0 | 100.0 |  -nan |  -nan | 100.0 | 486.9
               +-------+-------+-------+-------+-------+----------------------
